 Dungeon Crawl Stone Soup version 0.26-a0-651-gb41185065b (webtiles) character file.

Game seed: 6773470969495308225

16117 Tiktacy the Geomancer (level 12, -7/74 HPs)
             Began as a Human Earth Elementalist on Sept 29, 2020.
             Was an Elder of Dithmenos.
             Mangled by a jumping spider (9 damage)
             ... in a Gauntlet.
             The game lasted 00:46:07 (19110 turns).

Tiktacy the Geomancer (Human Earth Elementalist)   Turns: 19110, Time: 00:46:07

Health: -7/74      AC:  9    Str:  9    XL:     12   Next: 66%
Magic:  13/27      EV:  8    Int: 21    God:    Dithmenos [****..]
Gold:   416        SH:  0    Dex: 13    Spells: 4/19 levels left

rFire    . . .     SeeInvis .   b - +5 dagger (elec)
rCold    . . .     Faith    .   (no shield)
rNeg     . . .     Spirit   .   d - +0 steam dragon scales (curse)
rPois    +         Reflect  .   (helmet restricted)
rElec    .         Harm     .   m - +2 cloak
rCorr    .         Rampage  .   (no gloves)
MR       +....     NoTele   +   G - +0 pair of boots
Stlth    ++++++....             (no amulet)
HPRegen  0.22/turn              q - ring of poison resistance
MPRegen  0.20/turn              j - ring of magical power

@: held, wreathed by umbra
A: horns 1, repulsion field 1, magic resistance 1, no potion heal 1
a: Shadow Step, Renounce Religion


You were in a Gauntlet.
You worshipped Dithmenos.
Dithmenos was greatly pleased with you.
You visited 2 branches of the dungeon, and saw 12 of its levels.
You also visited: Gauntlet.

You collected 928 gold pieces.
You spent 512 gold pieces at shops.

Inventory:

Hand Weapons
 b - a +5 dagger of electrocution (weapon)
Missiles
 u - 265 stones (quivered)
Armour
 d - cursed +0 steam dragon scales (worn)
 m - a +2 cloak (worn)
 G - a +0 pair of boots (worn)
Jewellery
 f - an uncursed ring of flight {unknown}
 j - a ring of magical power (right hand)
 q - a ring of poison resistance (left hand)
 y - an uncursed ring of ice
Wands
 a - a wand of flame (41)
 g - a wand of polymorph (15)
 t - a wand of acid (8)
Scrolls
 c - a scroll of remove curse
 h - 2 scrolls of enchant armour
 i - 7 scrolls of teleportation
 k - 3 scrolls of amnesia
 n - 2 scrolls of immolation
 o - 6 scrolls of magic mapping
 s - a scroll of blinking {unknown}
 x - a scroll of noise {unknown}
 B - a scroll of holy word {unknown}
 D - 2 scrolls of fog
Potions
 e - 6 potions of flight
 l - 4 potions of might
 p - a potion of resistance
 r - 2 potions of lignification
 w - 3 potions of mutation
 z - 2 potions of brilliance
 C - a potion of ambrosia {unknown}
 F - 3 potions of magic


   Skills:
 - Level 9.9(10.0) Short Blades
   Level 0.4(6.2) Long Blades
 - Level 2.0 Dodging
 + Level 10.1 Stealth
 - Level 4.1 Spellcasting
 - Level 2.4 Conjurations
 - Level 4.8 Transmutations
 * Level 12.9 Earth Magic


You had 4 spell levels left.
You knew the following spells:

 Your Spells              Type           Power        Failure   Level
a - Passwall              Tmut/Erth      #####...     1%          2
c - Stone Arrow           Conj/Erth      #####.       1%          3
m - Petrify               Tmut/Erth      #####...     3%          4
x - Sandblast             Erth           ######       1%          1
z - Lee's Rapid Deconstr  Erth           ######....   1%          5

Your spell library contained the following spells:

 Spells                   Type           Power        Failure   Level
 Beastly Appendage        Tmut           ###...       1%          1
 Wereblood                Tmut           ###.....     2%          2
 Magic Dart               Conj           ##..         4%          1
 Searing Ray              Conj           ##....       6%          2
 Animate Skeleton         Necr           #.....       12%         1
 Apportation              Tloc           #.....       12%         1
 Corona                   Hex            #......      12%         1
 Pain                     Necr           #...         12%         1
 Summon Small Mammal      Summ           #...         12%         1
 Spider Form              Tmut/Pois      ##........   13%         3
 Dazzling Flash           Conj/Hex       #.....       22%         3
 Vampiric Draining        Necr           #.........   34%         3
 Ice Form                 Ice/Tmut       ##......     41%         4
 Fulminant Prism          Conj/Hex       #.........   56%         4
 Iskenderun's Mystic Bla  Conj/Tloc      #.......     56%         4
 Animate Dead             Necr           #.........   75%         4
 Blade Hands              Tmut           ###.......   41%         5
 Agony                    Necr           #.......     97%         5


Dungeon Overview and Level Annotations

Branches:
Dungeon (10/15)            Temple (0/1) D:5            Lair (2/6) D:9
Gauntlet (1/1)
  Swamp: Lair:2-4    Shoals: Lair:2-4     Snake: Lair:2-4    Spider: Lair:2-4
    Orc: D:9-12

Altars:
Ashenzari
Dithmenos
Fedhas
Gozag
Hepliaklqana
Kikubaaqudgha
Nemelex Xobeh
Okawaru
Ru
Trog
Uskayaw
Vehumet
Wu Jian
Yredelemnul
Zin

Shops:
D:5 ?   D:8 *

Annotations:
D:6 2 transporters
Lair:1 exclusion: oklob plant Gauntlet 13 transporters, 16 runed translucent doors


Innate Abilities, Weirdness & Mutations

You have a pair of small horns on your head.
You are surrounded by a mild repulsion field. (EV +2)
You are resistant to hostile enchantments. (MR+)
Potions are less effective at restoring your health.


Message History

The jumping spider pounces on you!
You are even more entangled.
The jumping spider bites you but does no damage.
Unknown command.
Unknown command.
Unknown command.
Casting: Petrify (dangerous; 3% risk of failure)
Confirm with . or Enter, or press ? or * to list all spells.
Press: ? - help, Dir - move target cursor, p - jumping spider A large open translucent door.
This square is wreathed by an umbra.
The stone door frame shatters!
The blast of rock fragments hits the redback!
The redback is heavily wounded.
The blast of rock fragments hits the entropy weaver but does no damage.
The entropy weaver is moderately wounded.
The entropy weaver hits you but does no damage.
The entropy weaver hits you! x2; The entropy weaver hits you!!
* * * LOW HITPOINT WARNING * * *
The jumping spider pounces on you!
You die...

8#..............#.###############
##..............#.#≈≈8≈≈#©.......
....#############.###############
....#©...........©...........©#≈§
#################################
#.≈...≈≈..#.#..+.©.+..#.#........
#.≈..≈..≈.#.#..+...+..#.#.#.....#
#.≈≈.≈≈.≈©#.#++#+#'#++#.#..#####.
#..≈...≈.≈#.#..s@..+..#.#y.##.##.
#≈≈.≈.≈..≈#.#.sa...+..#.#....©...
#.≈.≈≈≈.≈.#.#''#...#++#.#..##.##.
#..≈...≈≈.#.#..#+++#..#.#..#####.
#.≈.≈...≈.#.#.........#.#.#.....#
#(≈./©[≈..#.#...[©....#.#..[(©...
###########.###########.#########
.................................
.................................


You could see an entropy weaver (strong), a jumping spider and a redback.

Vanquished Creatures
  2 hydras (Lair:1)
  Erica (D:9)
  3 skeletal warriors (D:10)
  Pikel (D:9)
  Maggie (D:7)
  An ice devil (Gauntlet)
  A rime drake (Lair:1)
  A raiju (Gauntlet)
  Grinder (D:4)
  4 blink frogs (Lair:1)
  A hippogriff (D:10)
  21 yaks
  3 wyverns
  2 steam dragons (Gauntlet)
  2 basilisks (D:9)
  Menkaure (D:4)
  Edmund (D:5)
  3 water moccasins
  7 porcupines
  Duvessa (D:5)
  3 black bears
  A hornet zombie (D:9)
  3 sky beasts
  An orc warrior (D:10)
  A phantom (D:8)
  2 ogres
  An eye of draining (D:10)
  4 centaurs
  2 wolves (D:9)
  A necrophage (D:8)
  4 lemures (D:9)
  5 crocodiles
  Blork the orc (D:4)
  4 bullfrogs
  Dowan (D:5)
  5 scorpions
  3 killer bees
  7 wights
  A howler monkey (D:6)
  A quasit (D:8)
  8 hounds
  Crazy Yiuf (D:3)
  2 jellies
  A bullfrog skeleton (D:9)
  An iguana (D:9)
  5 orc priests
  13 orc wizards
  A centaur skeleton (D:4)
  Natasha (thrice) (D:4)
  Ijyb (D:5)
  6 worker ants
  A hound skeleton (D:6)
  7 adders
  4 gnolls
  6 white imps
  An ufetubus (D:4)
  3 worms
  An adder skeleton (D:6)
  3 dart slugs
  3 leopard geckos
  42 orcs
  3 ball pythons
  8 giant cockroaches
  9 goblins
  6 hobgoblins
  11 jackals
  2 quokkas
  6 bats
  6 frilled lizards
  11 kobolds
  11 rats
  2 rat zombies (D:4)
297 creatures vanquished.

Vanquished Creatures (others)
  7 fungi
  26 plants
  2 withered plants (Gauntlet)
35 creatures vanquished.

Grand Total: 332 creatures vanquished

Notes
Turn   | Place    | Note
-------+----------+-------------------------------------------
     0 | D:1      | Tiktacy the Human Earth Elementalist began the quest for
                  | the Orb.
     0 | D:1      | Reached XP level 1. HP: 13/13 MP: 3/3
   409 | D:1      | Reached XP level 2. HP: 19/19 MP: 3/5
   654 | D:1      | Reached XP level 3. HP: 24/24 MP: 4/6
   839 | D:1      | Learned a level 3 spell: Stone Arrow
  2155 | D:2      | Reached XP level 4. HP: 30/30 MP: 8/8
  2179 | D:2      | Noticed a sky beast
  2186 | D:2      | Killed a sky beast
  2186 | D:2      | Reached skill level 4 in Earth Magic
  2186 | D:2      | Reached XP level 5. HP: 35/35 MP: 2/10
  2844 | D:2      | Found a shadowy altar of Dithmenos.
  3102 | D:3      | Reached skill level 5 in Earth Magic
  3102 | D:3      | Reached XP level 6. HP: 36/41 MP: 7/11
  3855 | D:3      | Found a runed translucent door.
  3856 | D:3      | Noticed Crazy Yiuf
  4427 | D:3      | Learned a level 4 spell: Petrify
  4430 | D:3      | Learned a level 2 spell: Passwall
  4544 | D:3      | Killed Crazy Yiuf
  4707 | D:4      | Noticed Grinder
  4731 | D:4      | Killed Grinder
  4731 | D:4      | Reached skill level 1 in Short Blades
  4731 | D:4      | Reached skill level 6 in Earth Magic
  4731 | D:4      | Reached XP level 7. HP: 24/46 MP: 8/13
  5156 | D:4      | Noticed Natasha
  5165 | D:4      | Killed Natasha
  5165 | D:4      | Reached skill level 1 in Conjurations
  5257 | D:4      | Noticed Natasha
  5262 | D:4      | Killed Natasha
  5400 | D:4      | Noticed Blork the orc
  5410 | D:4      | Killed Blork the orc
  5410 | D:4      | Reached XP level 8. HP: 52/52 MP: 14/14
  5494 | D:4      | Noticed Natasha
  5499 | D:4      | Killed Natasha
  5551 | D:4      | Reached skill level 7 in Earth Magic
  5626 | D:4      | Noticed Menkaure
  5637 | D:4      | Killed Menkaure
  5910 | D:4      | Found an ancient bone altar of Kikubaaqudgha.
  6210 | D:5      | Entered Level 5 of the Dungeon
  6210 | D:5      | Noticed Ijyb
  6291 | D:2      | Became a worshipper of Dithmenos the Shadowed
  6541 | D:5      | Killed Ijyb
  6620 | D:5      | Found Ankazefa's Magic Scroll Boutique.
  6643 | D:5      | Bought a scroll of identify for 22 gold pieces
  6643 | D:5      | Bought a scroll of teleportation for 33 gold pieces
  6643 | D:5      | Bought a scroll of identify for 22 gold pieces
  6643 | D:5      | Bought a scroll of identify for 22 gold pieces
  6643 | D:5      | Bought a scroll of teleportation for 33 gold pieces
  6780 | D:5      | Gained mutation: You are surrounded by a mild repulsion
                  | field. (EV +2) [potion of mutation]
  6780 | D:5      | Gained mutation: You are resistant to hostile enchantments.
                  | (MR+) [potion of mutation]
  6780 | D:5      | Gained mutation: You have a pair of small horns on your
                  | head. [potion of mutation]
  6848 | D:5      | Found a blossoming altar of Fedhas.
  6854 | D:5      | Noticed Edmund
  6874 | D:5      | Killed Edmund
  7082 | D:5      | Noticed Dowan
  7082 | D:5      | Noticed Duvessa
  7106 | D:5      | Killed Duvessa
  7111 | D:5      | Killed Dowan
  7111 | D:5      | Reached XP level 9. HP: 30/57 MP: 6/15
  7272 | D:5      | Found a staircase to the Ecumenical Temple.
  7355 | D:5      | Found a hide-covered altar of Uskayaw.
  7454 | D:5      | Found a broken altar of Ashenzari.
  7630 | D:6      | Reached skill level 5 in Short Blades
  8161 | D:6      | Reached skill level 5 in Stealth
  8563 | D:6      | Found a transporter.
  8572 | D:6      | Reached * piety under Dithmenos
  8802 | D:6      | Found a hazy altar of Hepliaklqana.
  8803 | D:6      | Noticed a rakshasa
  8819 | D:6      | Found a transporter.
  8942 | D:6      | Reached XP level 10. HP: 63/63 MP: 16/16
  9074 | D:6      | Found a bloodstained altar of Trog.
  9327 | D:7      | Noticed Maggie
  9379 | D:7      | Killed Maggie
 10113 | D:7      | Found an ornate altar of the Wu Jian Council.
 10296 | D:8      | Found a bloodstained altar of Trog.
 10576 | D:8      | Found a basalt altar of Yredelemnul.
 10636 | D:8      | Reached ** piety under Dithmenos
 11042 | D:8      | Learned a level 5 spell: Lee's Rapid Deconstruction
 12245 | D:8      | Found Edattav's General Store.
 12253 | D:8      | Bought a potion of magic for 80 gold pieces
 12253 | D:8      | Bought a book of Conjurations for 300 gold pieces
 12427 | D:8      | Found an iron altar of Okawaru.
 12577 | D:9      | Gained mutation: Potions are less effective at restoring
                  | your health. [mutagenic glow]
 12582 | D:9      | Reached skill level 8 in Earth Magic
 12766 | D:9      | Noticed Pikel
 13111 | D:9      | Found an opulent altar of Gozag.
 13111 | D:9      | Found a sparkling altar of Nemelex Xobeh.
 13135 | D:9      | Found a staircase to the Lair.
 13138 | D:9      | Killed Pikel
 13138 | D:9      | Reached XP level 11. HP: 68/68 MP: 17/17
 13353 | D:9      | Reached skill level 9 in Earth Magic
 13556 | D:9      | Noticed Erica
 13876 | D:9      | Found a sacrificial altar of Ru.
 13882 | D:9      | Reached *** piety under Dithmenos
 14000 | D:9      | Found a radiant altar of Vehumet.
 14177 | D:9      | Killed Erica
 14177 | D:9      | Reached skill level 10 in Earth Magic
 14276 | D:9      | Found an ancient bone altar of Kikubaaqudgha.
 14291 | D:9      | Noticed an angel
 14292 | D:9      | Found a glowing silver altar of Zin.
 14415 | D:10     | Entered Level 10 of the Dungeon
 15331 | D:10     | Noticed a skeletal warrior
 15331 | D:10     | Noticed a skeletal warrior
 15332 | D:10     | Noticed a skeletal warrior
 15355 | D:10     | Killed a skeletal warrior
 15363 | D:10     | Killed a skeletal warrior
 15363 | D:10     | Reached skill level 11 in Earth Magic
 15387 | D:10     | Killed a skeletal warrior
 15924 | Lair:1   | Entered Level 1 of the Lair of Beasts
 15960 | D:9      | Reached XP level 12. HP: 22/74 MP: 0/18
 16603 | Lair:1   | Noticed a four-headed hydra
 16605 | Lair:1   | Noticed a six-headed hydra
 16777 | Lair:1   | Reached skill level 12 in Earth Magic
 16795 | Lair:1   | Killed a six-headed hydra
 17263 | Lair:1   | Reached **** piety under Dithmenos
 17771 | Lair:1   | Killed a four-headed hydra
 17931 | Lair:2   | Found a gate leading to a gauntlet.
 17935 | Gauntlet | Entered a Gauntlet
 17935 | Gauntlet | Found a transporter.
 17939 | Gauntlet | Noticed a tengu warrior
 17945 | Gauntlet | Found a transporter.
 17960 | Gauntlet | Found a transporter.
 17962 | Gauntlet | Noticed a ghost crab
 17965 | Gauntlet | Found a transporter.
 17967 | Gauntlet | Noticed a death drake
 17982 | Gauntlet | Found a transporter.
 18000 | Gauntlet | Found a transporter.
 18010 | Gauntlet | Noticed a sixfirhy
 18011 | Gauntlet | Noticed a sixfirhy
 18011 | Gauntlet | Noticed a sixfirhy
 18011 | Gauntlet | Noticed a sixfirhy
 18012 | Gauntlet | Found a transporter.
 18024 | Gauntlet | Found a transporter.
 18032 | Gauntlet | Found a large runed translucent door.
 18033 | Gauntlet | Found a large runed translucent door.
 18033 | Gauntlet | Noticed an entropy weaver
 18034 | Gauntlet | Found a large runed translucent door.
 18034 | Gauntlet | Found a large runed translucent door.
 18035 | Gauntlet | Found a runed translucent gate.
 18036 | Gauntlet | Found a transporter.
 18036 | Gauntlet | Found a runed translucent gate.
 18037 | Gauntlet | Found a runed translucent gate.
 18038 | Gauntlet | Found a large runed translucent door.
 18038 | Gauntlet | Found a large runed translucent door.
 18038 | Gauntlet | Found a runed translucent door.
 18038 | Gauntlet | Found a runed translucent door.
 18039 | Gauntlet | Found a large runed translucent door.
 18040 | Gauntlet | Found a large runed translucent door.
 18042 | Gauntlet | Found a transporter.
 18042 | Gauntlet | Found a transporter.
 18047 | Gauntlet | Found a large runed translucent door.
 18047 | Gauntlet | Found a large runed translucent door.
 18048 | Gauntlet | Found a large runed translucent door.
 18049 | Gauntlet | Found a large runed translucent door.
 18057 | Gauntlet | Found a transporter.
 18070 | Gauntlet | Found a large runed translucent door.
 18070 | Gauntlet | Found a large runed translucent door.
 18071 | Gauntlet | Found a large runed translucent door.
 18072 | Gauntlet | Found a large runed translucent door.
 18074 | Gauntlet | Found a transporter.
 18113 | Gauntlet | Found a transporter.
 18140 | Gauntlet | Found a transporter.
 18140 | Gauntlet | Found a transporter.
 18160 | Gauntlet | Found a transporter.
 18238 | Gauntlet | Found a transporter.
 18364 | Gauntlet | HP: 2/74 [ice devil (8)]
 18371 | Gauntlet | Reached skill level 10 in Stealth
 18371 | Gauntlet | HP: 3/111 [white imp/puff of frost (2)]
 19045 | Gauntlet | Got an ebony rapier
 19046 | Gauntlet | Identified the +1 rapier of Wobisym {drain, Fragile rN+
                  | Int+3 Dex+3} (You found it in a Gauntlet)
 19110 | Gauntlet | HP: 2/74 [entropy weaver (21)]
 19110 | Gauntlet | Mangled by a jumping spider

Illustrated notes

Levels and vault maps discovered:
D:1:      dpeg_arrival_ratfight, layout_basic
D:2:      layout_basic, nicolae_dithmenos_through_a_glass_darkly,
          kennysheep_generic_room_8
D:3:      layout_basic, hangedman_decor_clover_reticule, uniq_crazy_yiuf_cottage
D:4:      layout_basic, lemuel_zombie_altar_kikubaaqudgha, uniq_natasha,
          uniq_grinder, uniq_menkaure, uniq_blork_the_orc
D:5:      layout_cave_pools, nicolae_overflow_hidden_temple,
          lemuel_doored_altar, fedhas_altar_3, minmay_temple_entry_large_hall,
          serial_shops, shop_scrolls, uniq_edmund, uniq_ijyb, uniq_duvessa
D:6:      layout_basic, kennysheep_mini_moat, gammafunk_temple_overflow_arena
D:7:      layout_loops_ring, lemuel_crystal_altar, uniq_maggie
D:8:      layout_basic, nicolae_overflow_crystal_walls,
          okawaru_altar_gauntlet_db, serial_shops, shop, trog_ov_bears_minmay
D:9:      layout_roguey, grunt_temple_overflow_opulence,
          nicolae_ru_great_annihilating_truth, zin_angel,
          minmay_lair_entry_grove, basic_altar, vehumet_altar_wand_db,
          uniq_erica, uniq_pikel
D:10:     layout_grid_maze
Lair:1:   layout_gridlike, hangedman_lair_unloving_vines, serial_bayou_shore_a,
          grunt_megastairs_5, serial_bayou_shore_b, minmay_lair_oklob_chamber,
          lemuel_fruit_tree, infiniplex_staircase_pool_2
Lair:2:   layout_regular_city, elwin_shoals_entry_rocks, gauntlet_entry_generic,
          serial_bayou_lagoon_b
Gauntlet: gammafunk_gauntlet_one_two_three [gammafunk_gauntlet_arena_teeth,
          gammafunk_gauntlet_arena_grid, gammafunk_gauntlet_arena_split_diamond,
          nicolae_gauntlet_swirl, gammafunk_gauntlet_arena_mazey,
          nicolae_gauntlet_arena_t_cross, nicolae_gauntlet_arena_blocks,
          minmay_gauntlet_arena_make_your_own_arena,
          nicolae_gauntlet_arena_flowing_pool, gauntlet_exit_watery]

Skill      XL: |  1  2  3  4  5  6  7  8  9 10 11 12 |
---------------+-------------------------------------+-----
Spellcasting   | 3 4 |  4.1
Earth Magic    | 4 5 6 7 8 11 12 | 12.9
Short Blades   | 1 2 4 7 9 |  9.9
Transmutations | 2 3 4 |  4.8
Conjurations   | 1 2 |  2.4
Stealth        | 3 5 6 8 10 | 10.1
Long Blades    | |  0.4
Dodging        | |  2.0

Action                   |  1- 3 |  4- 6 |  7- 9 | 10-12 || total
-------------------------+-------+-------+-------+-------++-------
Melee: Dagger            |     4 |     3 |   122 |   340 ||   469
       Flail             |    55 |    26 |       |       ||    81
       Falchion          |       |     3 |       |       ||     3
       Headbutt          |       |       |    10 |    46 ||    56
 Fire: Hunting sling     |       |    52 |     2 |       ||    54
Throw: Stone             |       |       |       |     1 ||     1
 Cast: Sandblast         |    29 |    26 |    32 |    52 ||   139
       Stone Arrow       |       |     6 |    24 |    59 ||    89
       Passwall          |       |     1 |     1 |     3 ||     5
       Petrify           |       |       |    16 |    68 ||    84
       Lee's Rapid Decon |       |       |       |    20 ||    20
Evoke: Wand              |       |       |       |     5 ||     5
  Use: Scroll            |       |     7 |     8 |    11 ||    26
       Potion            |       |       |     2 |     8 ||    10
 Stab: Sleeping          |     4 |     2 |     4 |    19 ||    29
       Petrified         |       |       |    28 |    39 ||    67
       Petrifying        |       |       |     5 |    15 ||    20
       Distracted        |       |       |       |     2 ||     2
       Invisible         |       |       |       |     1 ||     1
Armor: Robe              |    31 |     4 |    10 |     1 ||    46
       Steam dragon scal |       |       |       |    64 ||    64
Dodge: Dodged            |    62 |    43 |    61 |   202 ||   368

Table legend: (Time is in decaauts)
 A = Elapsed time spent in this place.
 B = Non-inter-level travel time spent in this place.
 C = Inter-level travel time spent in this place.
 D = Time resting spent in this place.
 E = Time spent auto-exploring this place.
 F = Levels seen in this place.
 G = Mean time per level.
                   A        B        C        D        E       F      G
               +--------+--------+--------+--------+--------+-----+--------+
         Total |  18995 |  18337 |    658 |   7334 |   8475 |  13 | 1461.2 |
       Dungeon |  16241 |  15633 |    608 |   6125 |   7465 |  10 | 1624.1 |
          Lair |   1580 |   1531 |     49 |    654 |    687 |   2 |  790.0 |
      Gauntlet |   1173 |   1173 |      0 |    554 |    323 |   1 | 1173.0 |
               +--------+--------+--------+--------+--------+-----+--------+

Top non-repeatable levels by time:
     D:9: 2229 daAuts
     D:1: 1941 daAuts
     D:8: 1867 daAuts
     D:6: 1769 daAuts
     D:4: 1736 daAuts
  Lair:1: 1577 daAuts
     D:3: 1494 daAuts
    D:10: 1474 daAuts
     D:2: 1397 daAuts
     D:7: 1352 daAuts
Gauntlet: 1173 daAuts
     D:5: 977 daAuts
  Lair:2: 3 daAuts
